 Dungeon Crawl Stone Soup version 0.22-a0-254-gaf95ca0 (webtiles) character file.

18092 wvc the Martial Artist (level 12, -20/91 (92) HPs)
             Began as a Gnoll Transmuter on Mar 4, 2018.
             Was a High Priest of Cheibriados.
             Demolished by a minotaur
             ... wielding a cursed +0 eveningstar
              (29 damage)
             ... in a labyrinth.
             The game lasted 00:29:28 (11811 turns).

wvc the Martial Artist (Gnoll Transmuter)          Turns: 11811, Time: 00:29:29

HP:   -20/91 (92)   AC: 10    Str: 23    XL:     12   Next: 54%
MP:   13/24         EV: 21    Int: 30    God:    Cheibriados [*****.]
Gold: 377           SH:  0    Dex: 29    Spells: 9/28 levels left

rFire    . . .     SeeInvis .     - Unarmed
rCold    . . .     Gourm    .   (shield currently unavailable)
rNeg     + . .     Faith    .   L - +0 troll leather armour
rPois    .         Spirit   .   n - +1 helmet
rElec    .         Reflect  .   H - scarf {cloud immunity}
rCorr    .         Harm     .   (gloves currently unavailable)
MR       .....                  E - +2 pair of boots {Stlth+}
Stlth    +++++.....             I - amulet of magic regeneration
HPRegen  0.65/turn              j - ring of wizardry
MPRegen  0.44/turn              w - ring of positive energy

@: blade hands, very slightly contaminated, very slow
A: distributed training, fangs 1, strong nose
a: End Transformation, Bend Time, Temporal Distortion, Slouch, Step From Time,
Renounce Religion


You were in a labyrinth.
You worshipped Cheibriados.
Cheibriados was extremely pleased with you.
You were not hungry.
You had blades for hands.
You visited 3 branches of the dungeon, and saw 15 of its levels.
You visited 1 bazaar.
You also visited: Labyrinth and Ossuary.

You collected 876 gold pieces.
You spent 499 gold pieces at shops.

Inventory:

Hand Weapons
 k - a +0 lajatang
 S - the +9 shortbow of a wizard's laboratory {flame, rF+++ Int-4 Dex-5 Stlth+}
   (You found it on level 10 of the Dungeon)

   It causes projectiles fired from it to burn those they strike, causing extra
   injury to most foes and up to half again as much damage against particularly
   susceptible opponents.
   It affects your intelligence (-4).
   It affects your dexterity (-5).
   It renders you almost immune to fire.
   It makes you more stealthy.
Missiles
 a - 163 arrows
 J - 29 poisoned needles
 M - 3 javelins (quivered)
 Q - 8 javelins of penetration
Armour
 b - a +0 robe
 h - a +0 cloak
 n - a +1 helmet (worn)
 E - a +2 pair of boots of stealth (worn)
 H - a scarf of cloud immunity (worn)
 L - a +0 troll leather armour (worn)
Magical Staves
 C - an uncursed staff of cold
Jewellery
 i - an uncursed ring of flight
 j - a ring of wizardry (left scythe-like blade)
 w - a ring of positive energy (right scythe-like blade)
 I - an amulet of magic regeneration (around neck)
Wands
 f - a wand of flame (50)
 l - a wand of disintegration (33)
 p - a wand of polymorph (11)
 u - a wand of paralysis (30)
 v - a wand of clouds (11)
 G - a wand of iceblast (34)
 P - a wand of acid (5)
Scrolls
 c - 4 scrolls of enchant armour
 g - a scroll of magic mapping
 y - 7 scrolls of remove curse
 F - 3 scrolls of teleportation
 K - 3 scrolls of amnesia
 N - a scroll of fear
 O - 2 scrolls of blinking
 T - a scroll of identify
 V - a scroll of torment {unknown}
 W - 2 scrolls of immolation
Potions
 e - 4 potions of agility
 m - a potion of lignification
 o - a potion of invisibility
 q - 6 potions of haste
 r - 3 potions of brilliance
 s - 3 potions of magic
 t - 3 potions of curing
 x - 3 potions of berserk rage
 z - 3 potions of heal wounds
 A - 2 potions of flight
 B - a potion of mutation {unknown}
 D - 3 potions of might
 R - a potion of cancellation {unknown}
Comestibles
 d - 14 rations


   Skills:
 + Level 7.8 Fighting
 + Level 7.2 Short Blades
 + Level 7.2 Long Blades
 + Level 7.2 Axes
 + Level 7.2 Maces & Flails
 + Level 7.2 Polearms
 + Level 7.2 Staves
 + Level 7.2 Slings
 + Level 7.2 Bows
 + Level 7.2 Crossbows
 + Level 7.2 Throwing
 + Level 7.2 Armour
 + Level 8.7 Dodging
 + Level 7.2 Stealth
 + Level 7.2 Shields
 + Level 9.8 Unarmed Combat
 + Level 8.9 Spellcasting
 + Level 6.0 Conjurations
 + Level 6.0 Hexes
 + Level 6.0 Charms
 + Level 6.0 Summonings
 + Level 6.0 Necromancy
 + Level 6.0 Translocations
 + Level 7.2 Transmutations
 + Level 6.0 Fire Magic
 + Level 6.0 Ice Magic
 + Level 6.0 Air Magic
 + Level 6.0 Earth Magic
 + Level 6.0 Poison Magic
 + Level 8.0 Invocations
 + Level 7.2 Evocations


You had 9 spell levels left.
You knew the following spells:

 Your Spells              Type           Power        Failure   Level  Hunger
a - Beastly Appendage     Tmut           ######       3%          1    None
b - Spider Form           Tmut/Pois      ######....   6%          3    None
c - Ice Form              Ice/Tmut       ######..     10%         4    None
d - Blade Hands           Tmut           ######....   16%         5    ####...
e - Conjure Flame         Conj/Fire      #####...     6%          3    None
f - Mephitic Cloud        Conj/Pois/Air  #####...     6%          3    None


Dungeon Overview and Level Annotations

Branches:
Dungeon (11/15)            Temple (1/1) D:7            Lair (3/6) D:10
  Swamp: Lair:2-4    Shoals: Lair:2-4     Snake: Lair:2-4    Spider: Lair:2-4
    Orc: D:9-12

Altars:
Cheibriados
Dithmenos
Elyvilon
Fedhas
Gozag
Hepliaklqana
Kikubaaqudgha
Makhleb
Nemelex Xobeh
Okawaru
Qazlal
Ru
Sif Muna
Trog
Uskayaw
Vehumet
Wu Jian
Xom
Yredelemnul
Zin
The Shining One

Shops:
D:4 *   D:5 *


Innate Abilities, Weirdness & Mutations

Your experience applies equally to all skills.
You have very sharp teeth.
Your uncanny sense of smell can sniff out nearby items.


Message History

Your hands turn into razor-sharp scythe blades.
The minotaur is engulfed in blazing flames.
The minotaur hits you with an eveningstar!
The minotaur gores you.
You hit the minotaur.
You bite the minotaur, but do no damage.
The minotaur is lightly wounded.
You completely miss the minotaur.
The minotaur furiously retaliates!
The minotaur headbutts you.
* * * LOW HITPOINT WARNING * * *
You bite the minotaur, but do no damage.
The minotaur is lightly wounded.
The minotaur hits you with an eveningstar!!
* * * LOW HITPOINT WARNING * * *
The minotaur misses you.
You slice the minotaur!!
The minotaur is moderately wounded.
The minotaur is engulfed in blazing flames.
The minotaur hits you with an eveningstar!!
You die...

#..#.# # #
#|.=#..# #
# ▓
#8.8#.##
###
#[.:#..#
...
#8.8#..#
#.#. #
#.§.#. #
#.▓ #
8§8#..# #
#.▓
#..##H##..#
# #. #
#....@....#
#.#
#....(..#.#
# #.. ▓
#########.
#.# . . .#
. # ▓ # ##
## # #.# #.
# ## .# # #
.. . .
##.#. ##


You could see a minotaur.

Vanquished Creatures
  Gastronok (Lair:1)
  The ghost of Kite the Severer, a journeyman MiBe of Trog (Lair:2)
  A hydra (Lair:2)
  4 two-headed ogres
  A manticore (D:10)
  A black mamba (Lair:1)
  A spiny frog (Lair:2)
  A torpor snail (Lair:2)
  A komodo dragon (Lair:1)
  A troll (D:9)
  Grinder (D:4)
  9 blink frogs
  2 hippogriffs
  Sigmund (D:3)
  2 redbacks (Lab)
  6 yaks
  A wyvern (D:8)
  Eustachio (D:6)
  3 vampire mosquitoes (D:9)
  A hungry ghost (D:9)
  Menkaure (D:5)
  The ghost of Thaneod the Skirmisher, an amateur GrSu (D:3)
  Edmund (D:5)
  An acid dragon (D:9)
  3 water moccasins
  Duvessa (D:5)
  2 porcupines
  5 orc warriors
  2 sky beasts (D:8)
  4 ice beasts
  A necrophage (D:11)
  4 ogres
  2 phantoms
  2 centaurs
  6 wolves (Lair:2)
  2 elf zombies (Ossuary)
  4 crocodiles
  9 bullfrogs
  A gnoll sergeant (D:9)
  Dowan (D:5)
  3 scorpions
  2 centaur zombies (Ossuary)
  6 crimson imps
  2 centaur skeletons
  3 bullfrog skeletons
  4 orc priests
  3 hounds
  3 jellies
  Ijyb (D:3)
  Terence (D:3)
  7 orc wizards
  Natasha (twice) (D:3)
  5 worker ants
  A killer bee zombie (D:8)
  3 big kobold zombies (Ossuary)
  A hound zombie (D:10)
  2 mummies (Ossuary)
  A howler monkey zombie (D:8)
  Robin (D:3)
  6 gnolls
  7 adders
  4 shadow imps
  An ooze (D:2)
  An adder skeleton (D:8)
  2 adder zombies (Ossuary)
  5 worms
  3 dart slugs
  4 leopard geckos
  27 orcs
  3 ball pythons
  6 giant cockroaches
  19 goblins
  12 hobgoblins
  2 iguanas
  10 jackals
  6 kobolds
  11 quokkas
  4 bats
  5 frilled lizards
  8 hobgoblin zombies (Ossuary)
  A jackal zombie (D:5)
  11 kobold zombies (Ossuary)
  A leopard gecko skeleton (D:4)
  6 orc zombies (Ossuary)
  A quokka skeleton (D:7)
  A quokka zombie (D:9)
  4 rats
  2 rat zombies (Ossuary)
317 creatures vanquished.

Vanquished Creatures (others)
  A fungus (Lair:2)
1 creature vanquished.

Grand Total: 318 creatures vanquished

Notes
Turn   | Place    | Note
-------+----------+-------------------------------------------
     0 | D:1      | wvc the Gnoll Transmuter began the quest for the Orb.
     0 | D:1      | Reached XP level 1. HP: 17/17 MP: 6/6
   247 | D:1      | Reached XP level 2. HP: 23/23 MP: 7/7
   733 | D:1      | Reached XP level 3. HP: 23/28 MP: 9/9
   738 | D:1      | Learned a level 3 spell: Spider Form
   872 | D:1      | Reached skill level 5 in Spellcasting
  1058 | D:2      | Reached skill level 1 in Invocations
  1355 | D:2      | Reached skill level 1 in Short Blades
  1355 | D:2      | Reached skill level 1 in Long Blades
  1355 | D:2      | Reached skill level 1 in Axes
  1355 | D:2      | Reached skill level 1 in Maces & Flails
  1355 | D:2      | Reached skill level 1 in Polearms
  1355 | D:2      | Reached skill level 1 in Staves
  1355 | D:2      | Reached skill level 1 in Slings
  1355 | D:2      | Reached skill level 1 in Bows
  1355 | D:2      | Reached skill level 1 in Crossbows
  1355 | D:2      | Reached skill level 1 in Throwing
  1355 | D:2      | Reached skill level 1 in Armour
  1355 | D:2      | Reached skill level 1 in Stealth
  1355 | D:2      | Reached skill level 1 in Shields
  1355 | D:2      | Reached skill level 1 in Evocations
  1355 | D:2      | Reached XP level 4. HP: 20/34 MP: 1/11
  1876 | D:3      | Noticed Ijyb
  1886 | D:3      | Killed Ijyb
  1886 | D:3      | Reached skill level 1 in Conjurations
  1886 | D:3      | Reached skill level 1 in Hexes
  1886 | D:3      | Reached skill level 1 in Charms
  1886 | D:3      | Reached skill level 1 in Summonings
  1886 | D:3      | Reached skill level 1 in Necromancy
  1886 | D:3      | Reached skill level 1 in Translocations
  1886 | D:3      | Reached skill level 1 in Fire Magic
  1886 | D:3      | Reached skill level 1 in Ice Magic
  1886 | D:3      | Reached skill level 1 in Air Magic
  1886 | D:3      | Reached skill level 1 in Earth Magic
  1886 | D:3      | Reached skill level 1 in Poison Magic
  1901 | D:3      | Learned a level 4 spell: Ice Form
  2046 | D:3      | Noticed Natasha
  2057 | D:3      | Killed Natasha
  2057 | D:3      | Reached XP level 5. HP: 25/40 MP: 6/12
  2221 | D:3      | Noticed Terence
  2229 | D:3      | Killed Terence
  2270 | D:3      | Found a burning altar of Makhleb.
  2273 | D:3      | Found a radiant altar of Vehumet.
  2296 | D:3      | Noticed Thaneod's ghost (amateur GrSu)
  2306 | D:3      | Killed Thaneod's ghost
  2306 | D:3      | Reached skill level 5 in Dodging
  2306 | D:3      | Reached XP level 6. HP: 33/47 MP: 2/14
  2432 | D:3      | Learned a level 5 spell: Blade Hands
  2451 | D:3      | Noticed Natasha
  2459 | D:3      | Killed Natasha
  2609 | D:3      | Noticed Sigmund
  2623 | D:3      | Killed Sigmund
  2623 | D:3      | Reached skill level 7 in Unarmed Combat
  2623 | D:3      | Reached XP level 7. HP: 42/52 MP: 13/15
  2690 | D:3      | Noticed Robin
  2697 | D:3      | Killed Robin
  3119 | D:4      | Found Bioqul's Assorted Antiques.
  3132 | D:4      | Bought a scroll labeled ICODUR GASKA for 29 gold pieces
  3132 | D:4      | Bought a scroll labeled WIETRYNURU for 29 gold pieces
  3132 | D:4      | Bought a pink potion for 26 gold pieces
  3132 | D:4      | Bought a bubbling pink potion for 26 gold pieces
  3152 | D:4      | Noticed Grinder
  3159 | D:4      | Paralysed by Grinder for 2 turns
  3164 | D:4      | Killed Grinder
  3439 | D:4      | Reached XP level 8. HP: 60/60 MP: 11/16
  3446 | D:4      | Found a shimmering altar of Xom.
  3880 | D:5      | Entered Level 5 of the Dungeon
  4067 | D:5      | Noticed Duvessa
  4067 | D:5      | Noticed Dowan
  4074 | D:5      | Killed Duvessa
  4078 | D:5      | Killed Dowan
  4100 | D:5      | Found Zin's Purification Station.
  4105 | D:5      | Found a glowing silver altar of Zin.
  4109 | D:5      | Noticed Menkaure
  4119 | D:5      | Killed Menkaure
  4169 | D:5      | Noticed Edmund
  4185 | D:5      | Found a sand-covered staircase.
  4190 | Ossuary  | Entered an ossuary
  4355 | Ossuary  | Reached XP level 9. HP: 63/66 MP: 14/18
  4411 | Ossuary  | Reached skill level 5 in Transmutations
  4435 | D:5      | Killed Edmund
  5154 | D:6      | Noticed Eustachio
  5170 | D:6      | Killed Eustachio
  5214 | D:6      | Reached skill level 5 in Fighting
  5506 | D:7      | Found a radiant altar of Vehumet.
  5792 | D:7      | Found a basalt altar of Yredelemnul.
  5965 | D:7      | Found a staircase to the Ecumenical Temple.
  5983 | Temple   | Entered the Ecumenical Temple
  6057 | Temple   | Became a worshipper of Cheibriados the Contemplative
  6197 | D:7      | Reached skill level 8 in Unarmed Combat
  6427 | D:7      | Reached skill level 5 in Invocations
  6681 | D:8      | Noticed a two-headed ogre
  6852 | D:8      | Killed a two-headed ogre
  6852 | D:8      | Reached XP level 10. HP: 42/76 MP: 16/20
  7064 | D:8      | Reached * piety under Cheibriados
  7170 | D:8      | Reached skill level 5 in Short Blades
  7170 | D:8      | Reached skill level 5 in Long Blades
  7170 | D:8      | Reached skill level 5 in Axes
  7170 | D:8      | Reached skill level 5 in Maces & Flails
  7170 | D:8      | Reached skill level 5 in Polearms
  7170 | D:8      | Reached skill level 5 in Staves
  7170 | D:8      | Reached skill level 5 in Slings
  7170 | D:8      | Reached skill level 5 in Bows
  7170 | D:8      | Reached skill level 5 in Crossbows
  7170 | D:8      | Reached skill level 5 in Throwing
  7170 | D:8      | Reached skill level 5 in Armour
  7170 | D:8      | Reached skill level 5 in Stealth
  7170 | D:8      | Reached skill level 5 in Shields
  7170 | D:8      | Reached skill level 5 in Evocations
  7250 | D:8      | Found a shadowy altar of Dithmenos.
  7304 | D:8      | Learned a level 3 spell: Conjure Flame
  7308 | D:8      | Learned a level 3 spell: Mephitic Cloud
  7851 | D:9      | Noticed a two-headed ogre
  7856 | D:9      | Killed a two-headed ogre
  7881 | D:9      | Reached ** piety under Cheibriados
  8097 | D:9      | Found an opulent altar of Gozag.
  8099 | D:9      | Found a bloodstained altar of Trog.
  8469 | D:9      | Noticed a two-headed ogre
  8474 | D:9      | Killed a two-headed ogre
  8474 | D:9      | Reached XP level 11. HP: 63/82 MP: 17/22
  8581 | D:9      | Noticed a two-headed ogre
  8589 | D:9      | Killed a two-headed ogre
  8671 | D:9      | Reached skill level 9 in Unarmed Combat
  8694 | D:9      | You fall through a shaft for 2 floors!
  8739 | D:11     | Found a flickering gateway to a bazaar.
  8762 | Bazaar   | Entered a bazaar
  8766 | Bazaar   | Found Caymix's Magic Scroll Boutique.
  8783 | Bazaar   | Found Ineq's Magic Scroll Emporium.
  8794 | Bazaar   | Found Soeh's Antique Weapon Emporium.
  8822 | Bazaar   | Found Liohip's Assorted Antiques.
  8827 | Bazaar   | Bought a scroll labeled WISEIM HUNIEGH for 22 gold pieces
  8827 | Bazaar   | Bought a scroll of amnesia for 77 gold pieces
  8838 | Bazaar   | Found Hienniom's Food Shoppe.
  8932 | Bazaar   | Bought a scroll of enchant armour for 82 gold pieces
  8932 | Bazaar   | Bought a scroll of identify for 22 gold pieces
  8932 | Bazaar   | Bought a scroll of fear for 38 gold pieces
  8932 | Bazaar   | Bought a scroll of remove curse for 33 gold pieces
  8932 | Bazaar   | Bought a scroll of teleportation for 33 gold pieces
  8932 | Bazaar   | Bought a scroll of blinking for 82 gold pieces
  9014 | D:11     | Identified a scroll of acquirement
  9045 | D:11     | Reached *** piety under Cheibriados
  9045 | D:11     | Reached skill level 5 in Conjurations
  9045 | D:11     | Reached skill level 5 in Hexes
  9045 | D:11     | Reached skill level 5 in Charms
  9045 | D:11     | Reached skill level 5 in Summonings
  9045 | D:11     | Reached skill level 5 in Necromancy
  9045 | D:11     | Reached skill level 5 in Translocations
  9045 | D:11     | Reached skill level 5 in Fire Magic
  9045 | D:11     | Reached skill level 5 in Ice Magic
  9045 | D:11     | Reached skill level 5 in Air Magic
  9045 | D:11     | Reached skill level 5 in Earth Magic
  9045 | D:11     | Reached skill level 5 in Poison Magic
  9118 | D:10     | Entered Level 10 of the Dungeon
  9156 | D:10     | Noticed a manticore
  9166 | D:10     | Killed a manticore
  9502 | D:10     | Got a steaming shortbow
  9503 | D:10     | Identified the +9 shortbow of a wizard's laboratory {flame, rF+++ Int-4 Dex-5 Stlth+} (You found it on level 10 of the Dungeon)
  9708 | D:10     | Found a staircase to the Lair.
  9734 | Lair:1   | Entered Level 1 of the Lair of Beasts
  9758 | Lair:1   | Reached **** piety under Cheibriados
  9766 | Lair:1   | Noticed Gastronok
  9785 | Lair:1   | Killed Gastronok
 10062 | Lair:1   | Reached XP level 12. HP: 90/90 MP: 22/24
 10546 | Lair:2   | Noticed Kite's ghost (journeyman MiBe)
 10559 | Lair:2   | Killed Kite's ghost
 10989 | Lair:2   | Noticed a four-headed hydra
 11001 | Lair:2   | Killed a four-headed hydra
 11514 | Lair:3   | Found a labyrinth entrance.
 11524 | Lab      | Entered a labyrinth
 11638 | Lab      | Reached ***** piety under Cheibriados
 11804 | Lab      | Noticed a minotaur
 11811 | Lab      | Demolished by a minotaur

Vault maps used:
D:1:      dpeg_arrival_line_fractal, corexii_item_surrounded_by_moat
D:2:      first_ration
D:3:      grunt_temple_overflow_lords_of_destruction, minivault_27,
          uniq_terence, uniq_natasha, uniq_ijyb, uniq_sigmund, uniq_robin
D:4:      serial_shops, nicolae_shop_competitors_out_of_business,
          dk_xom_monty_hall, uniq_grinder
D:5:      zin_purify, enter_ossuary_5, uniq_duvessa, uniq_edmund, uniq_menkaure
D:6:      uniq_eustachio
D:7:      nicolae_overflow_hidden_temple, minmay_temple_entry_hall,
          grunt_ogre_cave, minmay_misc_feat_plants, vehumet_altar_wand_db
D:8:      nicolae_dithmenos_shadow_blocks
D:9:      minitemple
D:10:     grunt_lair_entry_orc_guard_hut
D:11:     serial_shops, bzr_entry_gold
Temple:   regret_index_temple_generic_petals
Lair:1:   uniq_gastronok
Lair:3:   minmay_lair_venomous_thicket, lab_entry_generic, grunt_megastairs_5,
          uniq_snorg
Lab:      nicolae_lab_dead_adventurers, labyrinth_skeletal_remains,
          nicolae_lab_do_over, lab_fountain, nicolae_lab_grate_2
Bazaar:   bazaar_jpeg_circle_rare_4
Ossuary:  ossuary_tomb_1

Skill      XL: |  1  2  3  4  5  6  7  8  9 10 11 12 |
---------------+-------------------------------------+-----
Spellcasting   | 5 6 7 8 |  8.9
Invocations    | 1 2 3 4 5 6 7 8 |  8.0
Short Blades   | 1 2 3 4 5 6 7 |  7.2
Long Blades    | 1 2 3 4 5 6 7 |  7.2
Axes           | 1 2 3 4 5 6 7 |  7.2
Maces & Flails | 1 2 3 4 5 6 7 |  7.2
Polearms       | 1 2 3 4 5 6 7 |  7.2
Staves         | 1 2 3 4 5 6 7 |  7.2
Slings         | 1 2 3 4 5 6 7 |  7.2
Bows           | 1 2 3 4 5 6 7 |  7.2
Crossbows      | 1 2 3 4 5 6 7 |  7.2
Throwing       | 1 2 3 4 5 6 7 |  7.2
Armour         | 1 2 3 4 5 6 7 |  7.2
Stealth        | 1 2 3 4 5 6 7 |  7.2
Shields        | 1 2 3 4 5 6 7 |  7.2
Evocations     | 1 2 3 4 5 6 7 |  7.2
Conjurations   | 1 2 3 4 5 6 |  6.0
Hexes          | 1 2 3 4 5 6 |  6.0
Charms         | 1 2 3 4 5 6 |  6.0
Summonings     | 1 2 3 4 5 6 |  6.0
Necromancy     | 1 2 3 4 5 6 |  6.0
Translocations | 1 2 3 4 5 6 |  6.0
Fire Magic     | 1 2 3 4 5 6 |  6.0
Ice Magic      | 1 2 3 4 5 6 |  6.0
Air Magic      | 1 2 3 4 5 6 |  6.0
Earth Magic    | 1 2 3 4 5 6 |  6.0
Poison Magic   | 1 2 3 4 5 6 |  6.0
Fighting       | 3 4 5 6 7 |  7.8
Transmutations | 4 5 6 7 |  7.2
Dodging        | 5 6 7 8 |  8.7
Unarmed Combat | 7 8 9 |  9.8

Action                   |  1- 3 |  4- 6 |  7- 9 | 10-12 || total
-------------------------+-------+-------+-------+-------++-------
Melee: Unarmed           |    96 |    84 |   360 |   340 ||   880
       Bite              |     8 |     1 |     7 |    28 ||    44
       Punch             |     1 |       |     4 |    10 ||    15
       Staff             |       |       |    12 |       ||    12
 Cast: Spider Form       |     2 |     9 |     5 |       ||    16
       Beastly Appendage |       |     1 |       |       ||     1
       Ice Form          |       |     1 |    31 |    21 ||    53
       Blade Hands       |       |       |       |    15 ||    15
       Mephitic Cloud    |       |       |       |     2 ||     2
       Conjure Flame     |       |       |       |     1 ||     1
  Use: Scroll            |       |       |    16 |    10 ||    26
 Stab: Sleeping          |     4 |     3 |    17 |    17 ||    41
       Confused          |       |       |       |     1 ||     1
  Eat: Chunk             |     1 |     2 |    11 |     6 ||    20
       Ration            |       |     1 |     3 |     2 ||     6
Armor: Robe              |     9 |     1 |     9 |     1 ||    20
       Skin              |       |     3 |    50 |    30 ||    83
       Troll leather arm |       |       |       |    22 ||    22
Dodge: Dodged            |    70 |    60 |   175 |   289 ||   594

Table legend:
 A = Spawn XP
 B = Non-spawn XP
 C = Spawn XP percentage of total XP
 D = Spawn monster count
 E = Non-spawn monster count
 F = Spawn count percentage of total count
 G = Total turns spent on level
                    A         B        C        D         E        F      G
               +---------+---------+-------+---------+---------+-------+---------
         Total |       0 |   25846 |   0.0 |       0 |     317 |   0.0 | 11811
               +---------+---------+-------+---------+---------+-------+---------
           D:1 |       0 |      41 |   0.0 |       0 |      21 |   0.0 |  1006
           D:2 |       0 |      70 |   0.0 |       0 |      19 |   0.0 |   862
           D:3 |       0 |     761 |   0.0 |       0 |      44 |   0.0 |  1194
           D:4 |       0 |     639 |   0.0 |       0 |      21 |   0.0 |   818
           D:5 |       0 |    1027 |   0.0 |       0 |      23 |   0.0 |   938
           D:6 |       0 |     396 |   0.0 |       0 |       7 |   0.0 |   381
           D:7 |       0 |     933 |   0.0 |       0 |      26 |   0.0 |  1018
           D:8 |       0 |    2129 |   0.0 |       0 |      24 |   0.0 |  1188
           D:9 |       0 |    4652 |   0.0 |       0 |      27 |   0.0 |   843
          D:10 |       0 |    2493 |   0.0 |       0 |      21 |   0.0 |   616
          D:11 |       0 |     391 |   0.0 |       0 |       6 |   0.0 |   190
        Lair:1 |       0 |    4914 |   0.0 |       0 |      13 |   0.0 |   619
        Lair:2 |       0 |    5213 |   0.0 |       0 |      20 |   0.0 |  1121
        Lair:3 |       0 |    1307 |   0.0 |       0 |       5 |   0.0 |    50
           Lab |       0 |     445 |   0.0 |       0 |       2 |   0.0 |   287
       Ossuary |       0 |     435 |   0.0 |       0 |      38 |   0.0 |   240
               +---------+---------+-------+---------+---------+-------+---------
